 Dungeon Crawl Stone Soup version 0.28-a0-1117-g0bdd5ba030 (webtiles) character file.

Game seed: 11593121038991612870

1871 browni3141 the Tainter (level 9, -2/51 HPs)
             Began as an Octopode Venom Mage on Dec 12, 2021.
             Was an Initiate of Sif Muna.
             Slain by Prince Ribbit (19 damage)
             ... on level 6 of the Dungeon.
             The game lasted 00:19:30 (8234 turns).

browni3141 the Tainter (Octopode Venom Mage)        Turns: 8234, Time: 00:19:31

Health: -2/51      AC:  1    Str:  7    XL:     9   Next: 13%
Magic:  10/13      EV: 13    Int: 21    God:    Sif Muna [......]
Gold:   174        SH:  0    Dex: 13    Spells: 4/14 levels left

rFire   . . .      SeeInvis .   j - +1 dagger (venom)
rCold   . . .      Faith    .   (no shield)
rNeg    . . .      Spirit   .   (helmet restricted)
rPois   .          Reflect  .   (no amulet)
rElec   .          Harm     .   (no ring)
rCorr   .          Rampage  .   (no ring)
Will    .....                   (no ring)
Stlth   +++.......              (no ring)
HPRegen 0.17/turn               (no ring)
MPRegen 0.13/turn               (no ring)
                                (no ring)
                                (no ring)

@: no status effects
A: almost no armour, amphibious, 8 rings, camouflage 1, gelatinous body 1,
(nimble swimmer 1), tentacles
a: Renounce Religion


You were on level 6 of the Dungeon.
You worshipped Sif Muna.
Sif Muna was noncommittal.
You visited 2 branches of the dungeon, and saw 7 of its levels.

You collected 234 gold pieces.
You spent 60 gold pieces at shops.

Inventory:

Hand Weapons
 a - a +0 dagger
 j - a +1 dagger of venom (weapon)
 w - a +2 falchion of holy wrath
Missiles
 b - 116 stones
 t - a throwing net
Magical Staves
 c - a staff of air
Jewellery
 g - a ring of willpower
 i - an amulet of reflection
 n - an amulet of guardian spirit
Wands
 h - a wand of polymorph (5)
 p - a wand of flame (11)
Scrolls
 f - a scroll of enchant armour
 l - 2 scrolls of teleportation
 m - a scroll of holy word
 o - a scroll of amnesia
 r - a scroll of identify
 u - 2 scrolls of enchant weapon {unknown}
Potions
 d - 5 potions of curing
 e - 4 potions of heal wounds
 k - a potion of resistance {unknown}
 q - a potion of might {unknown}
 s - a potion of flight {unknown}
 v - a potion of brilliance {unknown}


   Skills:
 - Level 2.0 Dodging
 - Level 2.6 Stealth
 - Level 3.0 Spellcasting
 - Level 3.0 Conjurations
 - Level 1.0 Transmutations
 - Level 3.0 Air Magic
 * Level 12.7 Poison Magic


You had 4 spell levels left.
You knew the following spells:

 Your Spells              Type           Power      Damage    Failure   Level
a - Sting                 Tmut/Pois      100%       1d8       1%          1
b - Poisonous Vapours     Pois/Air       72%        N/A       1%          2
c - Mephitic Cloud        Conj/Pois/Air  29%        N/A       3%          3
d - Olgreb's Toxic Radia  Pois           54%        N/A       1%          4

Your spell library contained the following spells:

 Spells                   Type           Power      Damage    Failure   Level
 Magic Dart               Conj           60%        1d6       3%          1
 Call Imp                 Summ           3%         N/A       21%         2
 Iskenderun's Battlesphe  Conj           15%        2d7       71%         5
 Iron Shot                Conj/Erth      4%         9d2       100%        6
 Spellforged Servitor     Conj/Summ      4%         N/A       100%        7


Dungeon Overview and Level Annotations

Branches:
Dungeon (6/15)             Temple (1/1) D:5

Altars:
Cheibriados
Dithmenos
Gozag
Hepliaklqana
Kikubaaqudgha
Makhleb
Nemelex Xobeh
Okawaru
Qazlal
Ru
Sif Muna
Trog
Uskayaw
Vehumet
Xom
Yredelemnul
Zin

Shops:
D:3 !

Annotations:
D:6 Grinder, Prince Ribbit


Innate Abilities, Weirdness & Mutations

You cannot wear most types of armour.
You are amphibious.
You can wear up to eight rings at the same time.
Your skin changes colour to match your surroundings (Stealth+).
Your rubbery body absorbs attacks. (AC +1, EV +1)
((You are camouflaged near water. (Stealth+)))
You have tentacles for arms and can constrict up to eight enemies at once.


Message History

You constrict the shadow imp.
The shadow imp grinds its teeth.
The shadow imp hits you.
You barely miss the shadow imp.
The shadow imp is moderately wounded.
You constrict the shadow imp. Prince Ribbit hits you!
Prince Ribbit barely misses you. The shadow imp gestures at you.
Pain shoots through your body!
Unknown command.
You release your grip on the shadow imp.
Prince Ribbit hits you but does no damage.
Prince Ribbit catches a centipede with his tongue.
Prince Ribbit misses you.
Prince Ribbit blinks!
Casting: Sting (safe; 1% risk of failure)
Confirm with . or Enter, or press ? or * to list all spells.
You begin to radiate toxic energy.
Prince Ribbit is poisoned.
Prince Ribbit looks even sicker.
Unknown command.
You closely miss the shadow imp. You grab the shadow imp.
The shadow imp is heavily wounded.
Your toxic aura wanes.
You constrict the shadow imp, but do no damage.
Prince Ribbit blinks!
The shadow imp barely misses you.
You hit the shadow imp but do no damage.
The shadow imp is poisoned.
The shadow imp is heavily wounded.
You constrict the shadow imp. The shadow imp hits you.
You hit the shadow imp but do no damage.
The shadow imp looks as sick as possible!
The shadow imp is heavily wounded.
You constrict the shadow imp. Prince Ribbit hits you. The shadow imp hits you.
Unknown command.
You release your grip on the shadow imp.
You kill the shadow imp!
Sif Muna accepts your kill. Prince Ribbit closely misses you.
Prince Ribbit hits you!!
You die... l

#.......#....##.........#..
.
#.......#..................
.
#.......#................5.
.
#.......#..................
.
###...####...##.##.##+###.#
. ##...####...##.##[##..##
#...................(....
#...........F............
#...........@............
##...##..................
##...##..................
#........................
#..............#########..
#..............##.....##..
#....##..................
#######.................
#................#


You could see Prince Ribbit (poisoned).

Vanquished Creatures
  Pikel (D:5)
  A water moccasin (D:5)
  A necrophage (D:5)
  2 sky beasts
  An ogre (D:5)
  A gnoll sergeant (D:5)
  5 scorpions
  3 hounds
  2 orc priests (D:4)
  Crazy Yiuf (D:3)
  Natasha (thrice) (D:3)
  2 orc wizards (D:4)
  A killer bee zombie (D:6)
  A hound zombie (D:3)
  6 gnolls
  A howler monkey skeleton (D:6)
  8 adders
  A shadow imp (D:6)
  An adder skeleton (D:4)
  An adder zombie (D:5)
  2 worms (D:2)
  A dart slug (D:1)
  15 orcs
  6 bats
  15 endoplasms
  9 giant cockroaches
  8 goblins
  7 hobgoblins
  10 jackals
  4 quokkas
  3 ball pythons (D:2)
  2 frilled lizards
  3 kobolds
  7 rats
135 creatures vanquished.

Vanquished Creatures (others)
  7 fungi
  9 plants (D:2)
16 creatures vanquished.

Grand Total: 151 creatures vanquished

Notes
Turn   | Place    | Note
-------+----------+-------------------------------------------
     0 | D:1      | browni3141 the Octopode Venom Mage began the quest for the
                  | Orb.
     0 | D:1      | Reached XP level 1. HP: 11/11 MP: 3/3
   175 | D:1      | Reached skill level 4 in Poison Magic
   246 | D:1      | Reached XP level 2. HP: 17/17 MP: 5/5
   718 | D:1      | Reached XP level 3. HP: 21/21 MP: 6/6
  1433 | D:2      | Learned a level 2 spell: Poisonous Vapours
  1437 | D:2      | Learned a level 3 spell: Mephitic Cloud
  1446 | D:2      | Reached skill level 5 in Poison Magic
  1737 | D:2      | Reached XP level 4. HP: 23/27 MP: 3/8
  2386 | D:2      | Found a faded altar of an unknown god.
  3128 | D:3      | Reached XP level 5. HP: 22/31 MP: 6/9
  3358 | D:3      | Reached skill level 6 in Poison Magic
  3407 | D:3      | Noticed Natasha
  3593 | D:3      | Found a bloodstained altar of Trog.
  3608 | D:3      | Found Loubext's Distillery.
  3617 | D:3      | Bought 2 potions of curing for 60 gold pieces
  3757 | D:3      | Found a runed translucent door.
  3758 | D:3      | Noticed Crazy Yiuf
  3921 | D:3      | Learned a level 4 spell: Olgreb's Toxic Radiance
  3958 | D:3      | Killed Natasha
  3959 | D:3      | Reached skill level 1 in Conjurations
  3959 | D:3      | Reached skill level 1 in Air Magic
  4043 | D:3      | Noticed Natasha
  4049 | D:3      | Killed Natasha
  4068 | D:3      | Noticed Natasha
  4156 | D:3      | Killed Natasha
  4157 | D:3      | Reached XP level 6. HP: 34/36 MP: 7/10
  4855 | D:3      | Killed Crazy Yiuf
  5097 | D:4      | Reached skill level 7 in Poison Magic
  5097 | D:4      | Reached XP level 7. HP: 37/41 MP: 5/11
  5116 | D:4      | Found a shimmering altar of Xom.
  5117 | D:4      | Found a hide-covered altar of Uskayaw.
  5118 | D:4      | Found a stormy altar of Qazlal.
  5258 | D:4      | You fall into a shaft and drop 2 floors!
  5423 | D:6      | Noticed Grinder
  5448 | D:5      | Entered Level 5 of the Dungeon
  5491 | D:5      | Found a staircase to the Ecumenical Temple.
  5508 | Temple   | Entered the Ecumenical Temple
  5529 | Temple   | Became a worshipper of Sif Muna the Loreminder
  5590 | D:5      | Found an ancient bone altar of Kikubaaqudgha.
  5590 | D:5      | Noticed Pikel
  5601 | D:5      | Killed Pikel
  5602 | D:5      | Reached skill level 10 in Poison Magic
  5602 | D:5      | Reached XP level 8. HP: 34/46 MP: 4/12
  6017 | D:4      | Reached skill level 11 in Poison Magic
  7044 | D:5      | Found an iron altar of Okawaru.
  7310 | D:5      | Reached skill level 12 in Poison Magic
  7637 | D:5      | Reached XP level 9. HP: 42/51 MP: 13/13
  8218 | D:6      | Noticed Prince Ribbit
  8234 | D:6      | Slain by Prince Ribbit

Illustrated notes

Levels and vault maps discovered:
D:1:      dpeg_arrival_round_a, layout_loops_ring
D:2:      layout_basic, shapermc_ecumenical_altar_mp_ritualfount
D:3:      layout_rooms, mainiacjoe_overflow_alcove_4, serial_shops, shop,
          uniq_crazy_yiuf_cottage, uniq_natasha
D:4:      layout_loops_ring, chequers_temple_overflow_statue_of_worship,
          gup_sewer_entry_glass
D:5:      layout_basic, lemuel_round_altar, mainiacjoe_overflow_small_starburst,
          minmay_temple_entry_large_hall, uniq_pikel
D:6:      layout_gridville, kennysheep_little_box, grunt_ministairs_15,
          uniq_grinder, uniq_prince_ribbit1
Temple:   minmay_temple_bridge_abc

Skill      XL: |  1  2  3  4  5  6  7  8 |
---------------+-------------------------+-----
Poison Magic   | 4 5 6 7 10 12 | 12.7
Spellcasting   | 3 |  3.0
Conjurations   | 1 2 3 |  3.0
Air Magic      | 1 2 3 |  3.0
Dodging        | |  2.0
Stealth        | |  2.6
Transmutations | |  1.0

Action                   |  1- 3 |  4- 6 |  7- 9 || total
-------------------------+-------+-------+-------++-------
Melee: Dagger            |    45 |   100 |    89 ||   234
       Constrict         |     7 |    24 |    18 ||    49
       Tentacles         |     3 |    15 |    12 ||    30
       Falchion          |       |       |     8 ||     8
 Cast: Sting             |    22 |    25 |     7 ||    54
       Poisonous Vapours |     2 |    16 |    12 ||    30
       Olgreb's Toxic Ra |       |     3 |     5 ||     8
  Use: Scroll            |       |     2 |     3 ||     5
 Stab: Sleeping          |    11 |    19 |     9 ||    39
Armor: Skin              |     1 |     4 |     4 ||     9
Dodge: Dodged            |    27 |    51 |    70 ||   148

Table legend: (Time is in decaauts)
 A = Elapsed time spent in this place.
 B = Non-inter-level travel time spent in this place.
 C = Inter-level travel time spent in this place.
 D = Time resting spent in this place.
 E = Time spent auto-exploring this place.
 F = Levels seen in this place.
 G = Mean time per level.
                   A        B        C        D        E       F      G
               +--------+--------+--------+--------+--------+-----+--------+
         Total |   8245 |   7877 |    368 |   1068 |   4600 |   7 | 1177.9 |
       Dungeon |   8102 |   7752 |    350 |    968 |   4590 |   6 | 1350.3 |
        Temple |    143 |    125 |     18 |    100 |     10 |   1 |  143.0 |
               +--------+--------+--------+--------+--------+-----+--------+

Top non-repeatable levels by time:
     D:2: 1788 daAuts
     D:3: 1763 daAuts
     D:5: 1584 daAuts
     D:1: 1352 daAuts
     D:4: 1287 daAuts
     D:6: 327 daAuts
  Temple: 143 daAuts
